Map: Central Protocol

Players

herO - Winner!

  • Race: Protoss Protoss

Snute

  • Race: Zerg Zerg

Event: IEM Season 10 - Taipei

VOD

https://youtu.be/5P554a_8mT4?t=2190

Description

Time

  • Played on: Feb. 1, 2016, 12:46 a.m.
  • Length: 13:04

All games in this series

Show
View Real Time Build Order
Export as new Build Order

herO Protoss - Winner!

Build Orders: Mass Adepts 

Get SALT Encoding   

  12  0:12  Pylon  
  12  0:13  Probe (Chrono Boost)  
  13  0:24  Probe (Chrono Boost)  
  14  0:33  Gateway  
  14  0:35  Probe (Chrono Boost)  
  15  0:45  Probe (Chrono Boost)  
  15  0:46  Assimilator  
  16  0:56  Probe (Chrono Boost)  
  17  1:04  Gateway  
  17  1:06  Probe (Chrono Boost)  
  18  1:17  Probe (Chrono Boost)  
  19  1:20  Cybernetics Core  
  19  1:50  Nexus  
  19  1:58  Adept (Chrono Boost)  
  19  1:59  Adept (Chrono Boost)  
  23  2:05  Pylon  
  23  2:13  Assimilator  
  23  2:18  Warp Gate (Chrono Boost)  
  23  2:23  Probe (Chrono Boost)  
  24  2:34  Probe (Chrono Boost)  
  25  2:44  Probe (Chrono Boost)  
  26  2:52  Twilight Council  
  26  2:55  Probe (Chrono Boost)  
  27  2:59  Adept x2  
  27  3:04  Probe (Chrono Boost)  
  28  3:06  Probe (Chrono Boost)  
  29  3:14  Probe  
  29  3:16  Gateway  
  29  3:18  Probe  
  30  3:28  Adept  
  30  3:29  Adept  
  30  3:34  Mothership Core  
  34  3:48  Resonating Glaives (Chrono Boost)  
  34  3:53  Gateway  
  34  4:00  Pylon  
  34  4:15  Pylon  
  34  4:20  Adept x2  
  38  4:28  Pylon  
  38  4:31  Pylon  
  36  4:36  Adept  
  36  4:42  Adept  
  38  4:46  Adept  
  38  4:47  Pylon  
  38  4:51  Adept  
  42  4:57  Adept  
  44  5:03  Adept  
  46  5:09  Adept  
  48  5:16  Pylon  
  48  5:25  Adept x2  
  46  5:35  Sentry x2  
  46  6:00  Probe (Chrono Boost)  
  47  6:06  Sentry x2  
  47  6:08  Nexus  
  51  6:12  Probe (Chrono Boost)  
  51  6:13  Pylon  
  52  6:23  Probe (Chrono Boost)  
  53  6:29  Robotics Facility  
  52  6:34  Probe (Chrono Boost)  
  51  6:44  Probe (Chrono Boost)  
  52  6:49  Adept x2  
  56  6:55  Probe (Chrono Boost)  
  55  7:05  Probe (Chrono Boost)  
  54  7:12  Assimilator  
  54  7:16  Probe (Chrono Boost)  
  54  7:17  Pylon  
  54  7:19  Pylon  
  54  7:20  Probe (Chrono Boost)  
  56  7:24  Robotics Bay  
  58  7:34  Probe (Chrono Boost)  
  58  7:35  Probe (Chrono Boost)  
  60  7:38  Immortal (Chrono Boost)  
  62  7:52  Pylon  
  62  7:54  Adept x3  
  68  8:10  Pylon  
  68  8:12  Disruptor (Chrono Boost)  
  71  8:16  Adept x2  
  75  8:23  Adept x2  
  67  8:40  Gateway x2  
  67  8:41  Disruptor (Chrono Boost)  
  67  8:47  Probe  
  70  8:49  Probe  
  70  8:51  Assimilator  
  72  8:57  Sentry  
  72  8:58  Pylon, Probe  
  72  9:01  Probe  
  76  9:05  Blink (Chrono Boost)  
  76  9:13  Probe  
  76  9:16  Disruptor  
  80  9:51  Nexus  
  68  9:54  Pylon  
  68  9:55  Disruptor  
  71  10:01  Stalker x4  
  79  10:07  Stalker  
  81  10:15  Stalker  
  83  10:24  Stalker x2  
  83  10:27  Sentry  
  83  10:28  Warp Prism, Sentry  
  93  10:39  Pylon  
  91  10:51  Stalker x2  
  95  10:57  Dark Shrine  
  95  11:04  Observer  
  96  11:15  Probe  
  97  11:22  Stalker x4  
  105  11:28  Stalker  
  107  11:48  Stalker x5  
  117  11:56  Stalker, Probe  
  120  12:06  Probe  
  119  12:17  Probe  
  116  12:24  Assimilator  
  116  12:25  Assimilator  
  116  12:27  Probe  
  117  12:32  Dark Templar x3  
  117  12:34  Dark Templar  
  117  12:35  Zealot x2  
  129  12:38  Gateway, Probe  
  129  12:41  Archon x2  
  130  12:45  Pylon  
  130  12:48  Probe  
Show
View Real Time Build Order
Export as new Build Order

Snute Zerg 

Build Orders: Hatch First 

Get SALT Encoding   

  12  0:00  Drone  
  13  0:12  Overlord  
  13  0:16  Drone  
  14  0:30  Drone x2  
  14  0:34  Drone  
  17  0:52  Hatchery  
  17  0:54  Drone  
  17  0:57  Drone  
  17  0:59  Extractor  
  17  1:12  Spawning Pool  
  17  1:17  Drone  
  17  1:20  Drone  
  18  1:27  Drone  
  19  1:38  Overlord  
  19  1:49  Drone  
  20  1:59  Metabolic Boost, Queen  
  22  2:03  Drone  
  22  2:06  Drone  
  24  2:10  Queen  
  24  2:15  Drone  
  27  2:17  Drone  
  27  2:22  Zergling x2  
  29  2:25  Zergling x2  
  30  2:31  Overlord  
  30  2:35  Queen  
  32  2:39  Zergling x2  
  32  2:42  Zergling x2  
  33  2:55  Zergling x4  
  32  3:01  Drone  
  30  3:09  Zergling x8  
  30  3:10  Evolution Chamber, Zergling x2  
  34  3:16  Queen  
  36  3:21  Zergling x2  
  37  3:31  Zergling x2  
  37  3:32  Zergling x4  
  39  3:37  Zergling x4  
  39  3:38  Zergling x2  
  42  3:47  Zergling x6  
  44  3:51  Overlord  
  44  3:58  Overlord  
  44  4:16  Zergling x2  
  44  4:17  Zergling x12  
  49  4:28  Zergling x8  
  44  4:38  Zergling x2  
  44  4:39  Zergling x2  
  44  4:43  Spore Crawler  
  44  4:44  Spore Crawler  
  43  4:50  Zergling x4  
  45  4:58  Drone x2  
  45  4:59  Drone  
  48  5:05  Drone  
  49  5:13  Overlord  
  49  5:16  Drone  
  49  5:23  Zergling x4  
  43  5:33  Drone x2  
  43  5:39  Drone  
  43  5:42  Drone  
  41  5:44  Roach Warren  
  40  5:53  Spine Crawler  
  35  6:06  Queen  
  37  6:16  Queen  
  35  6:24  Roach x4  
  45  6:32  Roach  
  44  6:41  Roach  
  44  6:45  Roach  
  44  6:46  Roach  
  46  7:00  Roach x2  
  50  7:05  Roach  
  50  7:07  Roach  
  52  7:16  Roach x4  
  52  7:17  Overlord  
  60  7:28  Overlord x2  
  60  7:37  Zergling x6  
  63  7:44  Zergling x2  
  63  7:45  Zergling x2  
  63  7:48  Ravager  
  63  7:49  Zergling x6  
  69  7:58  Zergling x2  
  69  7:59  Zergling x6  
  73  8:08  Ravager  
  73  8:09  Zergling x4  
  76  8:15  Zergling x4  
  65  8:28  Roach x2  
  59  8:36  Roach  
  59  8:37  Drone  
  59  8:38  Drone x2  
  59  8:40  Extractor  
  53  8:43  Drone x3  
  53  8:45  Queen  
  53  8:47  Drone  
  59  8:54  Drone  
  60  9:01  Drone x2  
  62  9:04  Extractor  
  62  9:05  Extractor  
  62  9:07  Ravager  
  62  9:09  Roach  
  63  9:13  Roach  
  65  9:21  Roach  
  66  9:32  Drone x6  
  66  9:34  Lair  
  72  9:43  Queen  
  74  9:52  Roach  
  75  9:53  Roach x5  
  79  10:03  Zergling x4  
  80  10:11  Baneling Nest  
  80  10:14  Ravager x3  
  80  10:18  Overlord  
  82  10:24  Zergling x2  
  82  10:27  Overlord x2  
  83  10:32  Overlord  
  83  10:40  Zergling x2  
  83  10:41  Zergling x10  
  89  10:46  Zergling x4  
  91  11:03  Ravager  
  91  11:04  Ravager x4  
  95  11:18  Pneumatized Carapace  
  93  11:22  Zergling x14  
  99  11:26  Hatchery  
  87  11:39  Ravager x4  
  84  11:40  Ravager  
  84  11:41  Zergling x12  
  88  11:48  Baneling  
  88  11:49  Baneling x4  
  88  12:01  Baneling x4  
  88  12:02  Baneling  
  75  12:11  Zergling x2  
  75  12:12  Zergling x16  
  82  12:21  Baneling x4  
  82  12:25  Roach x2  
  86  12:43  Zergling x8  

Tags
 
Add a new tag
Caveats
  • Supply blocks, unpowered buildings, or Contaminate may cause inaccurate times.
  • Supply counts are checked every 10 seconds.